 Dungeon Crawl Stone Soup version 0.29.1-15-g9cfb28693d (webtiles) character file.

Game seed: 915417611792405544

75 Kranky the Carver (level 4, -10/32 HPs)
             Began as a Gnoll Wanderer on Apr 23, 2023.
             Killed by divine providence
             ... invoked by an orc priest
              (12 damage)
             ... on level 3 of the Dungeon.
             The game lasted 00:04:37 (2350 turns).

Kranky the Carver (Gnoll Wanderer)                  Turns: 2350, Time: 00:04:37

Health: -10/32     AC:  3    Str: 12    XL:     4   Next: 31%
Magic:  5/5        EV: 10    Int:  8    God:
Gold:   113        SH:  8    Dex: 16    Spells: 5/5 levels left

rFire   . . .      SeeInvis .   f - +1 whip (elec)
rCold   . . .      Faith    .   m - +0 kite shield
rNeg    . . .      Spirit   .   e - +0 leather armour
rPois   .          Reflect  .   (no helmet)
rElec   .          Harm     .   (no cloak)
rCorr   .          Rampage  .   (no gloves)
Will    .....                   (no boots)
Stlth   ++........              (no amulet)
HPRegen 0.10/turn               (no ring)
MPRegen 0.09/turn               (no ring)

@: no status effects
A: fangs 1, strong nose, distributed training
a: no special abilities


You were on level 3 of the Dungeon.
You visited 1 branch of the dungeon, and saw 3 of its levels.

You collected 113 gold pieces.

Inventory:

Hand Weapons
 a - a +2 falchion
 b - a +0 quarterstaff
 f - a +1 whip of electrocution (weapon)
 i - a +0 sling of freezing
Armour
 e - a +0 leather armour (worn)
 m - a +0 kite shield (worn)
Wands
 c - a wand of flame (7) (quivered)
 j - a wand of digging (2)
Scrolls
 d - a scroll of butterflies
 g - 4 scrolls of identify {unknown}
 k - a scroll of teleportation {unknown}
 l - a scroll of blinking {unknown}
Potions
 h - 5 potions of berserk rage {unknown}


   Skills:
 + Level 1.1 Fighting
 + Level 1.1 Short Blades
 + Level 8.5 Long Blades
 + Level 1.1 Axes
 + Level 1.1 Maces & Flails
 + Level 1.1 Polearms
 + Level 2.7 Staves
 + Level 1.1 Ranged Weapons
 + Level 1.1 Throwing
 + Level 2.7 Armour
 + Level 2.7 Dodging
 + Level 2.5 Stealth
 + Level 1.1 Shields
 + Level 1.1 Unarmed Combat
 + Level 1.1 Spellcasting
 + Level 0.9 Conjurations
 + Level 0.9 Hexes
 + Level 0.9 Summonings
 + Level 0.9 Necromancy
 + Level 0.9 Translocations
 + Level 0.9 Transmutations
 + Level 0.9 Fire Magic
 + Level 0.9 Ice Magic
 + Level 0.9 Air Magic
 + Level 0.9 Earth Magic
 + Level 0.9 Poison Magic
 + Level 1.2 Invocations
 + Level 4.6 Evocations


You had 5 spell levels left.
You didn't know any spells.
Your spell library contained the following spells:

 Spells                   Type           Power      Damage    Failure   Level
 Call Canine Familiar     Summ           1%         N/A       98%         3
 Portal Projectile        Hex/Tloc       2%         N/A       98%         3
 Leda's Liquefaction      Hex/Erth       0%         N/A       100%        4


Dungeon Overview and Level Annotations

Branches:
Dungeon (3/15)

Altars:

Annotations:
D:2 Sigmund


Innate Abilities, Weirdness & Mutations

You have very sharp teeth.
Your uncanny sense of smell can sniff out nearby items.
Your experience applies equally to all skills.


Message History

You hit the orc.
The orc is heavily wounded.
The orc priest calls down the wrath of Beogh upon you.
Beogh smites you! The orc barely misses you.
You hit the orc.
You kill the orc!
The orc priest calls down the wrath of Beogh upon you.
Pain shoots through your body!
You are too injured to fight recklessly!
You are too injured to fight recklessly!
You are too injured to fight recklessly!
Found a long sword.
The orc priest hits you with a +0 club.
* * * LOW HITPOINT WARNING * * *
You see here a +0 whip.
You barely miss the orc priest. Your bite misses the orc priest.
The orc priest hits you with a +0 club.
* * * LOW HITPOINT WARNING * * *
You hit the orc priest.
The orc priest is lightly wounded.
You block the orc priest's attack.
You hit the orc priest.
You bite the orc priest, but do no damage.
The orc priest is moderately wounded.
The orc priest looks braver for a moment.
You hit the orc priest but do no damage.
The orc priest is moderately wounded.
The orc priest barely misses you. The orc priest hits you with a +0 club.
* * * LOW HITPOINT WARNING * * *
You closely miss the orc priest.
The orc priest is moderately wounded.
The orc priest closely misses you.
You closely miss the orc priest.
You bite the orc priest, but do no damage.
The orc priest is moderately wounded.
You block the orc priest's attack.
You hit the orc priest.
The orc priest is moderately wounded.
The orc priest calls down the wrath of Beogh upon you.
Beogh smites you!
You die...

).# #.# #.##
... #.. #o# #o#
#@# #.# #.#
#######.#######
...............
#######<......#
#######.#


You could see an orc priest and an orc.

Vanquished Creatures
  An adder (D:2)
  A gnoll (D:1)
  A dart slug (D:1)
  An orc (D:3)
  3 endoplasms
  9 giant cockroaches
  7 goblins
  6 hobgoblins
  A quokka (D:2)
  4 ball pythons
  2 bats
  2 frilled lizards (D:2)
  4 kobolds
  6 rats
48 creatures vanquished.

Notes
Turn   | Place    | Note
-------+----------+-------------------------------------------
     0 | D:1      | Kranky the Gnoll Wanderer began the quest for the Orb.
     0 | D:1      | Kranky set off with the following items: a +2 falchion, a
                  | +0 quarterstaff, a wand of flame (7), a scroll of
                  | butterflies, a +0 leather armour.
     0 | D:1      | Reached XP level 1. HP: 13/13 MP: 1/1
    53 | D:1      | Reached XP level 2. HP: 20/20 MP: 2/2
   434 | D:1      | Found a faded altar of an unknown god.
   514 | D:1      | Reached XP level 3. HP: 25/25 MP: 3/3
   743 | D:1      | Reached skill level 1 in Invocations
  1409 | D:2      | Reached skill level 1 in Fighting
  1409 | D:2      | Reached skill level 1 in Short Blades
  1409 | D:2      | Reached skill level 1 in Axes
  1409 | D:2      | Reached skill level 1 in Maces & Flails
  1409 | D:2      | Reached skill level 1 in Polearms
  1409 | D:2      | Reached skill level 1 in Ranged Weapons
  1409 | D:2      | Reached skill level 1 in Throwing
  1409 | D:2      | Reached skill level 1 in Shields
  1409 | D:2      | Reached skill level 1 in Unarmed Combat
  1409 | D:2      | Reached skill level 1 in Spellcasting
  1505 | D:2      | Reached XP level 4. HP: 29/32 MP: 5/5
  2050 | D:2      | Noticed Sigmund
  2347 | D:3      | HP: 1/32 [orc priest/+0 club (1)]
  2350 | D:3      | Killed from afar by an orc priest

Illustrated notes

Levels and vault maps discovered:
D:1:      dpeg_arrival_round_a, layout_basic,
          hellmonk_ecumenical_altar_arch_garden, minmay_tripent
D:2:      layout_basic, minmay_worlds_worst_comb, uniq_sigmund
D:3:      layout_loops_ring, mainiacjoe_overflow_catwalk_spiral,
          nicolae_wormholes

Skill      XL: |  1  2  3 |
---------------+----------+-----
Invocations    | 1 |  1.2
Fighting       | 1 |  1.1
Short Blades   | 1 |  1.1
Axes           | 1 |  1.1
Maces & Flails | 1 |  1.1
Polearms       | 1 |  1.1
Ranged Weapons | 1 |  1.1
Throwing       | 1 |  1.1
Shields        | 1 |  1.1
Unarmed Combat | 1 |  1.1
Spellcasting   | 1 |  1.1
Long Blades    | |  8.5
Staves         | |  2.7
Armour         | |  2.7
Dodging        | |  2.7
Stealth        | |  2.5
Conjurations   | |  0.9
Hexes          | |  0.9
Summonings     | |  0.9
Necromancy     | |  0.9
Translocations | |  0.9
Transmutations | |  0.9
Fire Magic     | |  0.9
Ice Magic      | |  0.9
Air Magic      | |  0.9
Earth Magic    | |  0.9
Poison Magic   | |  0.9
Evocations     | |  4.6

Action                   |  1- 3 |  4- 6 || total
-------------------------+-------+-------++-------
Melee: Falchion          |     8 |       ||     8
       Whip              |    86 |    37 ||   123
       Bite              |     8 |     6 ||    14
       Punch             |     2 |       ||     2
 Stab: Sleeping          |     3 |     4 ||     7
       Distracted        |     1 |       ||     1
Armor: Leather armour    |    23 |     9 ||    32
Dodge: Dodged            |    49 |    18 ||    67
Block: Kite shield       |       |     3 ||     3
